AoeStats
← tiberius el asesino de pilmeni

Black Forest

505983088Analyzed
1v1 RM · 19d ago on Sep 11, 2026· 70m 58s· 2 players
Game mode
Random Map
Map size
Tiny (2 player)
Population
200
Speed
Normal
Resources
Standard
Victory
Conquest
Starting age
Dark Age
Ending age
Imperial Age
RankedLock teamsTeams togetherTeam positionsShared explorationLock speedFull tech treeHidden civsTurbo modeCheats
Victory
Defeat
🇦🇷 Maya · Argentina
579
+16
🇺🇾 Portuguese · Uruguay
569
-27
TURBO SACADO
7:44 Loom
13:43 Feudal Age
14:36 Double-Bit Axe
14:35 Horse Collar
16:16 Gold Mining
19:16 Stone Mining
21:53 Man-at-Arms
23:38 Scale Mail Armor
26:51 Castle Age
29:57 Stone Shaft Mining
30:34 Long Swordsman
31:00 Gambesons
30:48 Crossbowman
36:03 Bow Saw
37:56 Circumnavigation
41:11 Chain Mail Armor
41:06 Forging
42:34 Wheelbarrow
41:45 Town Watch
47:17 Imperial Age
48:19 Two-Handed Swordsman
48:53 Fletching
50:16 Plate Mail Armor
52:27 Elite Organ Gun
54:19 Arquebus
55:05 Champion
56:26 Iron Casting
55:47 Bodkin Arrow
55:53 Padded Archer Armor
63:28 Blast Furnace
67:08 Scale Barding Armor
67:04 Bracer
67:20 Leather Archer Armor
68:12 Cavalier
68:35 Pikeman
70:31 Two-Man Saw
tiberius el asesino de pilmeni
3:45 Loom
10:55 Feudal Age
11:38 Double-Bit Axe
13:44 Fletching
14:04 Man-at-Arms
17:06 Forging
17:45 Arson
18:53 Wheelbarrow
18:22 Scale Mail Armor
18:23 Town Watch
18:30 Gold Mining
26:16 Castle Age
24:48 Padded Archer Armor
26:21 Crossbowman
27:07 Thumb Ring
27:28 Bow Saw
31:00 Bodkin Arrow
31:32 Hand Cart
34:48 Horse Collar
35:35 Stone Mining
35:44 Eagle Warrior
37:22 Stone Shaft Mining
37:11 Squires
39:19 Chain Mail Armor
40:42 Hul'che Javelineers
41:19 Heavy Plow
42:42 Iron Casting
44:29 Ballistics
44:23 Murder Holes
45:03 Town Patrol
50:58 Imperial Age
51:00 Elite Plumed Archer
51:17 Capped Ram
54:55 Bracer
55:11 Leather Archer Armor
55:26 Plate Mail Armor
55:25 Elite Eagle Warrior
57:40 Blast Furnace
59:26 Ring Archer Armor
60:56 Conscription
Connection lost

Rejoining the realm…

Still unreachable

The connection could not be restored.

Session expired

The server has moved on; the page needs a fresh start.